 Dungeon Crawl Stone Soup version 0.19-a0-406-ge21436e (webtiles) character file.

84 Ordine the Changer (level 4, -4/28 HPs)
             Began as an Octopode Transmuter on May 30, 2016.
             Killed from afar by Natasha (9 damage)
             ... with a magic dart
             ... on level 3 of the Dungeon.
             The game lasted 00:04:04 (2426 turns).

Ordine the Changer (Octopode Transmuter)            Turns: 2426, Time: 00:04:04

Health: -4/28      AC:  2    Str:  9    XL:     4   Next: 46%
Magic:  3/7        EV: 25    Int: 16    God:
Gold:   42         SH:  0    Dex: 22    Spells: 2 memorised, 3 levels left

rFire  . . .     SeeInvis .       - Unarmed
rCold  . . .     Gourm    .     (shield currently unavailable)
rNeg   . . .     Faith    .     (helmet currently unavailable)
rPois  x         Spirit   .     (no amulet)
rElec  .         Dismiss  .     (no ring)
rCorr  .         Reflect  .     (no ring)
SustAt .         Harm     .     (no ring)
MR     .....                    (no ring)
Stlth  +++.......               (no ring)
                                (no ring)
                                (no ring)
                                (no ring)

@: agile, spider-form, not resistant to hostile enchantments, fairly stealthy
A: almost no armour, (amphibious), 8 rings, (constrict 8), (camouflage 0),
(gelatinous body 0)
a: End Transformation


You were on level 3 of the Dungeon.
You were not hungry.
You were a venomous arachnid creature.
You visited 1 branch of the dungeon, and saw 3 of its levels.

You collected 42 gold pieces.

Inventory:

Scrolls
 a - a scroll of enchant weapon {unknown}
 d - 2 scrolls of blinking {unknown}
 e - 2 scrolls of remove curse {unknown}
 g - a scroll of recharging {unknown}
 i - a scroll of fear {unknown}
Books
 b - a book of Changes

   Spells                             Type                      Level
   a - Beastly Appendage              Transmutation                1
   b - Sticks to Snakes               Transmutation                2
   c - Spider Form                    Transmutation/Poison         3
   d - Ice Form                       Ice/Transmutation            4
   e - Blade Hands                    Transmutation                5
Comestibles
 c - 3 bread rations
 f - 3 fruits
 h - 2 meat rations
 j - a slice of pizza
 k - a royal jelly


   Skills:
 - Level 1.0 Fighting
 - Level 2.0 Dodging
 - Level 3.0 Unarmed Combat
 - Level 2.0 Spellcasting
 + Level 4.5 Transmutations


You had 3 spell levels left.
You knew the following spells:

 Your Spells              Type           Power        Failure   Level  Hunger
a - Beastly Appendage     Tmut           ###...       12%         1    #......
b - Spider Form           Tmut/Pois      #.........   50%         3    ###....


Dungeon Overview and Level Annotations

Branches:
Dungeon (3/15)

Altars:
Uskayaw

Annotations:
D:3 Natasha


Innate Abilities, Weirdness & Mutations

You cannot wear most types of armour.
((You are amphibious.))
You can wear up to eight rings at the same time.
((You can use your tentacles to constrict eight enemies at once.))
((Your skin changes colour to match your surroundings (Stealth+).))
((Your rubbery body absorbs attacks. (AC +1)))


Message History

Natasha stares at you and mumbles some strange words.
The magic dart hits you!
Casting: Beastly Appendage
Confirm with . or Enter, or press ? or * to list all spells.
Your tentacle spike disappears.
You turn into a venomous arachnid creature.
Natasha casts a spell.
Natasha claws you!
* * * LOW HITPOINT WARNING * * *
Unknown command.
You feel agile all of a sudden. Natasha closely misses you.
You hit Natasha.
Natasha is moderately wounded.
The iron imp closely misses you. Natasha barely misses you.
You closely miss Natasha.
Natasha is moderately wounded.
Natasha casts a spell at you. The magic dart hits you!
You die...

#.##.#.# ...#.#.####
#....#
..........###.#....##
###..........+.....
#..<#.##.#####....##
#.###.##.##........#
#......##.##.##.....#
########...#.##5h...#
+...#.###s# #
#####...#.##..##.#
...........#.....#
####.#....≈≈†≈≈#...#
...###.≈≈≈#≈≈≈.#.#
###! #≈≈≈≈≈≈≈≈≈#≈...
#≈≈≈≈≈...≈≈≈≈≈..#
#w#≈≈≈.≈.?≈≈≈≈≈w#
#≈≈≈≈≈#≈.≈≈≈≈≈≈≈#


You could see an iron imp and Natasha.

Vanquished Creatures
  Robin (D:2)
  2 adders (D:2)
  4 dart slugs
  2 giant geckos (D:2)
  3 bats
  A giant cockroach (D:3)
  13 goblins
  4 hobgoblins (D:2)
  2 quokkas (D:2)
  2 giant newts (D:2)
  4 kobolds
  5 rats
43 creatures vanquished.

Notes
Turn   | Place    | Note
--------------------------------------------------------------
     0 | D:1      | Ordine the Octopode Transmuter began the quest for the Orb.
     0 | D:1      | Reached XP level 1. HP: 13/13 MP: 3/3
   132 | D:1      | Reached XP level 2. HP: 16/18 MP: 5/5
   411 | D:1      | Reached skill level 3 in Transmutations
   776 | D:2      | Reached XP level 3. HP: 23/23 MP: 6/6
   781 | D:2      | Learned a level 3 spell: Spider Form
  1661 | D:2      | Found a hide-covered altar of Uskayaw.
  1794 | D:2      | Reached skill level 4 in Transmutations
  1800 | D:2      | Noticed Robin
  1808 | D:2      | Killed Robin
  1808 | D:2      | Reached XP level 4. HP: 20/28 MP: 2/7
  2408 | D:3      | Noticed Natasha
  2426 | D:3      | Killed from afar by Natasha

Vault maps used:
D:1:      grunt_arrival_crossed_arrows
D:2:      kennysheep_six_static_rooms, lemuel_round_altar, first_bread,
          serial_co_window_serial, co_window_corner_a, co_window_paths_b,
          co_window_of_opportunity_a, co_window_paths_b,
          co_window_of_opportunity_a, co_window_paths_a, co_window_paths_b,
          co_window_2corner, co_window_corner_cb, co_window_corner_ca,
          co_window_unsneaky_path_a, co_window_unsneaky_path_c,
          co_window_paths_e, glass_columns_a, uniq_robin
D:3:      kennysheep_slugbush, uniq_crazy_yiuf_cottage, uniq_natasha,
          uniq_terence

Skill      XL: |  1  2  3 |
---------------+----------+-----
Transmutations | 3 4 |  4.5
Fighting       | |  1.0
Dodging        | |  2.0
Unarmed Combat | |  3.0
Spellcasting   | |  2.0

Action                   |  1- 3 |  4- 6 || total
-------------------------+-------+-------++-------
Melee: Unarmed           |    65 |    30 ||    95
       Constrict         |    14 |     8 ||    22
       Tentacles         |     8 |     2 ||    10
 Cast: Spider Form       |     1 |     1 ||     2
       Beastly Appendage |     1 |     1 ||     2
  Use: Potion            |       |     1 ||     1
 Stab: Sleeping          |     3 |     1 ||     4
  Eat: Chunk             |     2 |     3 ||     5
Armor: Skin              |     4 |     3 ||     7
Dodge: Dodged            |    39 |    14 ||    53
